 Dungeon Crawl Stone Soup version 0.24.1-14-gf8d2b509d9 (console) character file.

Game seed: 9686969273876252853, levelgen mode: deterministic

802 Kagalorn the Fighter (level 7, -1/96 HPs)
             Began as a Gnoll Wanderer on Mar 4, 2021.
             Slain by Grinder (4 damage)
             ... while paralysed by Grinder
             ... on level 5 of the Dungeon.
             The game lasted 00:12:31 (6311 turns).

Kagalorn the Fighter (Gnoll Wanderer)               Turns: 6311, Time: 00:12:32

Health: -1/96      AC: 23    Str: 23    XL:     7   Next: 90%
Magic:  11/11      EV:  2    Int: 15    God:
Gold:   213        SH:  0    Dex: 12    Spells: 11/11 levels left

rFire    . . .     SeeInvis .   a - +0 trident
rCold    . . .     Gourm    .   (no shield)
rNeg     + + +     Faith    .   (armour currently unavailable)
rPois    +         Spirit   .   (helmet currently unavailable)
rElec    .         Reflect  .   (cloak currently unavailable)
rCorr    .         Harm     .   (gloves currently unavailable)
MR       .....     NoTele   +   (boots currently unavailable)
Stlth    ++........             (no amulet)
HPRegen  0.26/turn              (no ring)
MPRegen  0.12/turn              (no ring)

@: paralysed, mighty, tree-form, hasted
A: distributed training, strong nose
a: no special abilities


You were on level 5 of the Dungeon.
You were not hungry.
You were a tree.
You visited 1 branch of the dungeon, and saw 5 of its levels.

You collected 213 gold pieces.

Inventory:

Hand Weapons
 a - a +0 trident (weapon)
 l - a +0 war axe
 A - a +0 dagger
Missiles
 g - 62 stones (quivered)
 n - 47 arrows
 p - 16 poisoned darts
 s - 50 bolts
 v - 2 boomerangs
 D - 22 sling bullets
Armour
 w - a +0 chain mail (melded)
 B - a +0 pair of gloves (melded)
 F - the +0 scale mail "Liytidub" {rC++ MR- Str+3 Int-3 Dex+2, unknown}
   (You found it on level 5 of the Dungeon)

   It affects your strength (+3).
   It affects your intelligence (-3).
   It affects your dexterity (+2).
   It greatly protects you from cold.
   It affects your resistance to hostile enchantments.
 G - a +0 plate armour
Jewellery
 b - the ring of the Assorted Coins {rPois rF- Int+3 Stlth-}
   (You found it on level 4 of the Dungeon)

   [ring of attention]

   It affects your intelligence (+3).
   It makes you vulnerable to fire.
   It protects you from poison.
   It makes you less stealthy.
 E - an uncursed ring of stealth {unknown}
Scrolls
 i - 2 scrolls of teleportation
 j - 3 scrolls of remove curse
 k - a scroll of immolation {unknown}
 m - a scroll of magic mapping {unknown}
 r - a scroll of random uselessness {unknown}
 t - a scroll of enchant armour {unknown}
 u - 2 scrolls of amnesia {unknown}
 x - a scroll of enchant weapon {unknown}
 y - 2 scrolls of noise {unknown}
Potions
 c - a potion of curing
 e - 2 potions of might
 h - a potion of heal wounds {unknown}
 o - a potion of degeneration {unknown}
 z - 2 potions of flight
Miscellaneous
 d - a fan of gales
Comestibles
 f - 4 rations


   Skills:
 + Level 9.0 Fighting
 + Level 2.7 Short Blades
 + Level 2.7 Long Blades
 + Level 2.7 Axes
 + Level 2.7 Maces & Flails
 + Level 2.7 Polearms
 + Level 2.7 Staves
 + Level 2.7 Slings
 + Level 3.8 Bows
 + Level 2.7 Crossbows
 + Level 2.7 Throwing
 + Level 7.1 Armour
 + Level 2.7 Dodging
 + Level 2.7 Stealth
 + Level 3.8 Shields
 + Level 2.7 Unarmed Combat
 + Level 2.7 Spellcasting
 + Level 2.2 Conjurations
 + Level 2.2 Hexes
 + Level 2.2 Charms
 + Level 2.2 Summonings
 + Level 2.2 Necromancy
 + Level 2.2 Translocations
 + Level 2.2 Transmutations
 + Level 2.2 Fire Magic
 + Level 2.2 Ice Magic
 + Level 2.2 Air Magic
 + Level 2.2 Earth Magic
 + Level 2.2 Poison Magic
 + Level 3.0 Invocations
 + Level 3.8 Evocations


You had 11 spell levels left.
You didn't know any spells.
Your spell library contained the following spells:

 Spells                   Type           Power        Failure   Level  Hunger
 Beastly Appendage        Tmut           #.....       9%          1    #......
 Confusing Touch          Hex            #.....       9%          1    #......
 Sticks to Snakes         Tmut           #.......     13%         2    ##.....
 Confuse                  Hex            #.......     26%         3    ###....
 Gell's Gravitas          Tloc           #.........   26%         3    ###....
 Spider Form              Tmut/Pois      #.........   26%         3    ###....
 Ice Form                 Ice/Tmut       #.......     63%         4    #####..
 Petrify                  Tmut/Erth      #.......     63%         4    #####..
 Blade Hands              Tmut           #.........   93%         5    ######.
 Metabolic Englaciation   Hex/Ice        #.........   93%         5    ######.
 Yara's Violent Unravell  Hex/Tmut       #.........   93%         5    ######.


Dungeon Overview and Level Annotations

Branches:
Dungeon (5/15)
 Temple: D:4-7

Altars:
Fedhas

Annotations:
D:3 exclusion: oklob plant
D:5 Grinder


Innate Abilities, Weirdness & Mutations

Your experience applies equally to all skills.
((You have very sharp teeth.))
Your uncanny sense of smell can sniff out nearby items.


Message History

You feel very mighty all of a sudden.
The crimson imp blinks!
Grinder hits you but does no damage. The ogre hits you with a +0 giant club.
* * * LOW HITPOINT WARNING * * *
Okay, then.
You feel yourself speed up.
The crimson imp sputters.
The crimson imp blinks!
Grinder hits you.
* * * LOW HITPOINT WARNING * * *
The ogre hits you but does no damage.
You completely miss the ogre. Grinder hits you but does no damage.
You barely miss the ogre. The ogre hits you but does no damage.
You puncture the ogre!
The ogre is heavily wounded.
Grinder gestures at you.
You suddenly lose the ability to move!
The ogre hits you with a +0 giant club!
* * * LOW HITPOINT WARNING * * *
Grinder hits you.
You die...

####.#.....>..######
#..............
##.#.#####.#### ∆
#.#5# .# #.#.# .#
..#.# .# # #.# ∆ #5#
#♣# #O# #.# #.
######.# #.#
#5.5...# #.#
#.###### #.# #.# #.#
#O# #.# #.#


You could see Grinder, an ogre and a crimson imp.

Vanquished Creatures
  A sky beast (D:5)
  A scorpion (D:4)
  3 howler monkeys
  An orc priest (D:5)
  3 bullfrog skeletons (D:4)
  4 orc wizards
  Natasha (thrice) (D:3)
  3 worker ants (D:4)
  A hound skeleton (D:4)
  6 adders
  A shadow imp (D:2)
  An ooze (D:1)
  An adder skeleton (D:4)
  3 worms
  2 dart slugs
  A leopard gecko (D:2)
  11 orcs
  5 giant cockroaches
  7 goblins
  7 hobgoblins
  3 quokkas
  2 ball pythons
  6 bats
  2 frilled lizards
  8 kobolds
  5 rats
91 creatures vanquished.

Notes
Turn   | Place    | Note
-------+----------+-------------------------------------------
     0 | D:1      | Kagalorn the Gnoll Wanderer began the quest for the Orb.
     0 | D:1      | Kagalorn set off with the following items: a +0 club, a +0
                  | ring mail, a potion of curing, a fan of gales, a ration
     0 | D:1      | Reached XP level 1. HP: 26/26 MP: 2/2
   177 | D:1      | Reached XP level 2. HP: 33/33 MP: 3/3
   416 | D:1      | Reached XP level 3. HP: 37/38 MP: 4/4
   967 | D:2      | Reached skill level 1 in Invocations
  1049 | D:2      | Reached skill level 1 in Short Blades
  1049 | D:2      | Reached skill level 1 in Long Blades
  1049 | D:2      | Reached skill level 1 in Axes
  1049 | D:2      | Reached skill level 1 in Maces & Flails
  1049 | D:2      | Reached skill level 1 in Polearms
  1049 | D:2      | Reached skill level 1 in Staves
  1049 | D:2      | Reached skill level 1 in Slings
  1049 | D:2      | Reached skill level 1 in Crossbows
  1049 | D:2      | Reached skill level 1 in Throwing
  1049 | D:2      | Reached skill level 1 in Dodging
  1049 | D:2      | Reached skill level 1 in Stealth
  1049 | D:2      | Reached skill level 1 in Unarmed Combat
  1049 | D:2      | Reached skill level 1 in Spellcasting
  1090 | D:2      | Reached XP level 4. HP: 36/45 MP: 6/6
  1984 | D:2      | Reached skill level 1 in Conjurations
  1984 | D:2      | Reached skill level 1 in Hexes
  1984 | D:2      | Reached skill level 1 in Charms
  1984 | D:2      | Reached skill level 1 in Summonings
  1984 | D:2      | Reached skill level 1 in Necromancy
  1984 | D:2      | Reached skill level 1 in Translocations
  1984 | D:2      | Reached skill level 1 in Transmutations
  1984 | D:2      | Reached skill level 1 in Fire Magic
  1984 | D:2      | Reached skill level 1 in Ice Magic
  1984 | D:2      | Reached skill level 1 in Air Magic
  1984 | D:2      | Reached skill level 1 in Earth Magic
  1984 | D:2      | Reached skill level 1 in Poison Magic
  2188 | D:3      | Found a blossoming altar of Fedhas.
  2199 | D:3      | Noticed an oklob plant
  2402 | D:3      | Reached XP level 5. HP: 27/51 MP: 7/7
  3176 | D:3      | Noticed Natasha
  3192 | D:3      | Killed Natasha
  3203 | D:3      | Noticed Natasha
  3230 | D:3      | Killed Natasha
  3483 | D:3      | Reached XP level 6. HP: 52/57 MP: 8/8
  3865 | D:3      | Noticed Natasha
  4492 | D:3      | Killed Natasha
  4912 | D:4      | Got a coiled tin ring
  5350 | D:4      | Reached XP level 7. HP: 63/63 MP: 10/10
  5989 | D:5      | Entered Level 5 of the Dungeon
  6000 | D:5      | Identified the ring of the Assorted Coins {rPois rF- Int+3
                  | Stlth-} (You found it on level 4 of the Dungeon)
  6087 | D:5      | Reached skill level 9 in Fighting
  6189 | D:5      | Got a fine scale mail
  6242 | D:5      | Noticed Grinder
  6289 | D:5      | Paralysed by fainting for 7 turns
  6310 | D:5      | Paralysed by Grinder for 3 turns
  6311 | D:5      | HP: 3/96 [ogre/+0 giant club (8)]
  6311 | D:5      | Slain by Grinder

Levels and vault maps discovered:
D:1:      erik_arrival_triangle_small, layout_basic
D:2:      layout_basic
D:3:      layout_loops_ring, tgw_fedhas, uniq_natasha
D:4:      layout_basic, first_ration
D:5:      layout_loops_ring, kennysheep_mini_moat, minmay_temple_entry_trees,
          uniq_grinder

Skill      XL: |  1  2  3  4  5  6  7 |
---------------+----------------------+-----
Invocations    | 1 2 3 |  3.0
Short Blades   | 1 2 |  2.7
Long Blades    | 1 2 |  2.7
Axes           | 1 2 |  2.7
Maces & Flails | 1 2 |  2.7
Polearms       | 1 2 |  2.7
Staves         | 1 2 |  2.7
Slings         | 1 2 |  2.7
Crossbows      | 1 2 |  2.7
Throwing       | 1 2 |  2.7
Dodging        | 1 2 |  2.7
Stealth        | 1 2 |  2.7
Unarmed Combat | 1 2 |  2.7
Spellcasting   | 1 2 |  2.7
Conjurations   | 1 2 |  2.2
Hexes          | 1 2 |  2.2
Charms         | 1 2 |  2.2
Summonings     | 1 2 |  2.2
Necromancy     | 1 2 |  2.2
Translocations | 1 2 |  2.2
Transmutations | 1 2 |  2.2
Fire Magic     | 1 2 |  2.2
Ice Magic      | 1 2 |  2.2
Air Magic      | 1 2 |  2.2
Earth Magic    | 1 2 |  2.2
Poison Magic   | 1 2 |  2.2
Bows           | 3 |  3.8
Shields        | 3 |  3.8
Evocations     | 3 |  3.8
Armour         | 7 |  7.1
Fighting       | 9 |  9.0

Action                   |  1- 3 |  4- 6 |  7- 9 || total
-------------------------+-------+-------+-------++-------
Melee: Unarmed           |   139 |       |       ||   139
       Bite              |    15 |    75 |    17 ||   107
       Dagger            |     5 |   537 |    46 ||   588
       Punch             |       |     4 |       ||     4
       Trident           |       |       |    76 ||    76
  Use: Scroll            |       |     3 |     2 ||     5
       Potion            |       |       |     4 ||     4
  Eat: Chunk             |       |     8 |     1 ||     9
       Ration            |       |     2 |     1 ||     3
Armor: Ring mail         |    48 |    99 |       ||   147
       Chain mail        |       |    88 |    50 ||   138
       Skin              |       |       |     6 ||     6
Dodge: Dodged            |    71 |   235 |    46 ||   352
